 Dungeon Crawl Stone Soup version 0.25-a0-424-g80bd347ae0 (webtiles) character file.

Game seed: 5785597754935647396, levelgen mode: deterministic

127 Elellon the Digger (level 5, -1/28 HPs)
             Began as a Gargoyle Earth Elementalist on Jan 22, 2020.
             Slain by Natasha (2 damage)
             ... on level 3 of the Dungeon.
             The game lasted 00:07:01 (2998 turns).

Elellon the Digger (Gargoyle Earth Elementalist)    Turns: 2998, Time: 00:07:01

Health: -1/28      AC:  6    Str: 11    XL:     5   Next: 11%
Magic:  5/10       EV: 12    Int: 17    God:
Gold:   121        SH:  0    Dex: 10    Spells: 7/11 levels left

rFire    . . .     SeeInvis .   j - +0 mace
rCold    . . .     Gourm    .   (no shield)
rNeg     + . .     Faith    .   c - +0 robe
rPois    ∞         Spirit   .   (no helmet)
rElec    +         Reflect  .   (no cloak)
rCorr    .         Harm     .   (no gloves)
MR       .....                  (no boots)
Stlth    ++........             (no amulet)
HPRegen  0.09/turn              (no ring)
MPRegen  0.12/turn              (no ring)

@: slowed, very slow
A: negative energy resistance 1, electricity resistance, unbreathing,
petrification resistance, rot immunity, AC +4
a: no special abilities


You were on level 3 of the Dungeon.
You were very hungry.

You visited 1 branch of the dungeon, and saw 3 of its levels.

You collected 121 gold pieces.

Inventory:

Hand Weapons
 j - a +0 mace (weapon)
Missiles
 k - 10 poisoned darts (quivered)
 p - 22 stones
Armour
 c - a +0 robe (worn)
Jewellery
 b - an uncursed ring of resist corrosion {unknown}
Scrolls
 a - a scroll of immolation {unknown}
 f - a scroll of enchant armour {unknown}
 g - 2 scrolls of remove curse {unknown}
 h - 4 scrolls of identify {unknown}
 n - a scroll of blinking {unknown}
 o - a scroll of fear {unknown}
Potions
 e - a potion of degeneration {unknown}
 i - a potion of might {unknown}
 l - 3 potions of curing {unknown}
 m - a potion of berserk rage {unknown}
Comestibles
 d - a ration


   Skills:
 - Level 1.5 Dodging
 - Level 2.1 Stealth
 + Level 3.6 Spellcasting
   Level 0.7 Transmutations
 + Level 5.4 Earth Magic


You had 7 spell levels left.
You knew the following spells:

 Your Spells              Type           Power        Failure   Level  Hunger
a - Sandblast             Erth           ###...       1%          1    None
b - Stone Arrow           Conj/Erth      ##....       16%         3    ###....

Your spell library contained the following spells:

 Spells                   Type           Power        Failure   Level  Hunger
 Passwall                 Tmut/Erth      ##......     7%          2    ##.....
 Petrify                  Tmut/Erth      ##......     43%         4    ####...
 Lee's Rapid Deconstruct  Erth           ###.......   43%         5    ######.


Dungeon Overview and Level Annotations

Branches:
Dungeon (3/15)

Altars:
Gozag
Makhleb
Ru
Zin

Annotations:
D:3 Natasha


Innate Abilities, Weirdness & Mutations

You are resistant to torment.
Your stone body is resilient. (AC +4)
You are immune to poison.
You resist negative energy. (rN+)
You are resistant to electric shocks. (rElec)
You can survive without breathing.
You are immune to petrification.
You are immune to rotting.


Message History

Confirm with . or Enter, or press ? or * to list all spells.
Aiming: Sandblast (safe; 1% risk of failure)
Press: ? - help, Shift-Dir - straight line, f - orc priest
Aim: an orc priest The blast of sand hits the orc priest.
The orc priest is heavily wounded.
p - 22 stones The orc misses you.
Natasha barely misses you. The orc priest hits you.
Natasha completely misses you.
The orc priest invokes the aid of Beogh against you.
Beogh smites you!
* * * LOW HITPOINT WARNING * * *
The orc priest invokes the aid of Beogh against you.
Pain shoots through your body!
* * * LOW HITPOINT WARNING * * *
The orc misses you.
Natasha hisses.
The orc priest casts a cantrip, but nothing happens.
Natasha claws you.
You die...

#.###...##......#
#.......#.......##
######..#........#
###.........#.#
#.......##.##.#
##._........##.#
..............##.#
.......⌠..[...##.#
#............@o##.##
#........._..ho....#
#...#...........o..#
.####..........5..#
...#.........[†#
############.........
#......... #.........
#.........


You could see an iron imp, 2 orc priests, Natasha and an orc.

Vanquished Creatures
  A gnoll (D:1)
  4 adders (D:2)
  5 dart slugs
  2 leopard geckos (D:1)
  3 orcs
  3 giant cockroaches
  8 hobgoblins
  7 jackals
  10 kobolds
  2 quokkas
  A ball python (D:2)
  4 bats
  4 frilled lizards
  5 goblins
  9 rats
68 creatures vanquished.

Notes
Turn   | Place    | Note
-------+----------+-------------------------------------------
     0 | D:1      | Elellon the Gargoyle Earth Elementalist began the quest for
                  | the Orb.
     0 | D:1      | Reached XP level 1. HP: 10/10 MP: 3/3
   105 | D:1      | Reached skill level 4 in Earth Magic
   105 | D:1      | Reached XP level 2. HP: 15/15 MP: 0/5
   256 | D:1      | Reached XP level 3. HP: 19/19 MP: 4/6
  1258 | D:1      | Learned a level 3 spell: Stone Arrow
  1391 | D:2      | Reached XP level 4. HP: 24/24 MP: 1/8
  1594 | D:2      | Reached skill level 5 in Earth Magic
  1818 | D:2      | Found a glowing silver altar of Zin.
  1818 | D:2      | Noticed an angel
  1819 | D:2      | Found a burning altar of Makhleb.
  1819 | D:2      | Noticed an Executioner
  2388 | D:2      | Reached XP level 5. HP: 4/28 MP: 3/10
  2966 | D:3      | Found an opulent altar of Gozag.
  2971 | D:3      | Found a sacrificial altar of Ru.
  2988 | D:3      | Noticed Natasha
  2998 | D:3      | HP: 1/28 [orc priest/nerve-wracking pain (6)]
  2998 | D:3      | Slain by Natasha

Levels and vault maps discovered:
D:1:      dpeg_arrival_renting, layout_basic, st_stairs_4, serial_bayou_pond_d,
          chequers_serial_rivers_room_a, minivault_24, minmay_misc_feat_encased
D:2:      layout_loops_ring, grunt_temple_overflow_order_and_chaos_2,
          kennysheep_boxes
D:3:      layout_basic, grunt_temple_overflow_open, first_ration,
          kennysheep_another_room, uniq_terence, uniq_ijyb, uniq_natasha

Skill      XL: |  1  2  3  4 |
---------------+-------------+-----
Earth Magic    | 4 5 |  5.4
Spellcasting   | 3 |  3.6
Dodging        | |  1.5
Stealth        | |  2.1
Transmutations | |  0.7

Action                   |  1- 3 |  4- 6 || total
-------------------------+-------+-------++-------
Melee: Unarmed           |     3 |       ||     3
       Club              |     4 |       ||     4
       Mace              |       |    75 ||    75
Throw: Dart              |       |     5 ||     5
 Cast: Sandblast         |    46 |    23 ||    69
       Stone Arrow       |       |     7 ||     7
 Stab: Sleeping          |       |     1 ||     1
  Eat: Chunk             |     1 |     5 ||     6
Armor: Robe              |     7 |    34 ||    41
Dodge: Dodged            |     9 |    73 ||    82

Table legend:
 A = Non-vault XP
 B = Vault XP
 C = Vault XP percentage of total XP
 D = Non-vault monster count
 E = Vault monster count
 F = Vault count percentage of total count
                 A         B        C        D         E       F
            +---------+---------+-------+---------+---------+-------
      Total |     177 |       5 |   2.7 |      65 |       3 |   4.4
            +---------+---------+-------+---------+---------+-------
        D:1 |      65 |       5 |   7.1 |      27 |       3 |  10.0
        D:2 |      99 |       0 |   0.0 |      31 |       0 |   0.0
        D:3 |      13 |       0 |   0.0 |       7 |       0 |   0.0
            +---------+---------+-------+---------+---------+-------
